cohdb
Replays
Latest Replays
All Replays
Popular Replays
Top Player Replays
Match Explorer
How It Works
Community
CoH3 Stats
Reddit
Sign in to upload your games and track your stats! →
Sign in with Steam
Match 42270285
Unlisted
Match 42270285
Overview
Messages
Build Orders
End
Engineer Squad
Construct Barracks
Selects Heavy Weapons
Riflemen Squad
Riflemen Squad
Infantry Support Center
Construct Weapon Support Center
Selects Assault Carriers
M3 Assault Carrier
M1919 Machine Gun Team
M3 Assault Carrier
Construct Medical Station
M1918 Browning Automatic Rifles
Selects Exchangeable Parts
Nr03
HulkSMASH
BABAJAGA
Emua
Kumoshin
simiver
0
0
Comments
sign in to comment!
No comments posted yet!